 Dungeon Crawl Stone Soup version 0.29.1-2-gbd0b4ee654 (webtiles) character file.

Game seed: 4228982132709471183

86 zeram the Chopper (level 4, -6/40 HPs)
             Began as a Hill Orc Fighter on Nov 13, 2022.
             Killed by divine providence
             ... invoked by an orc priest
              (9 damage)
             ... on level 3 of the Dungeon.
             The game lasted 00:04:33 (2371 turns).

zeram the Chopper (Hill Orc Fighter)                Turns: 2371, Time: 00:04:34

Health: -6/40      AC:  7    Str: 20    XL:     4   Next: 49%
Magic:  4/4        EV:  9    Int:  8    God:
Gold:   80         SH:  4    Dex: 10    Spells: 3/3 levels left

rFire   . . .      SeeInvis .   a - +1 war axe
rCold   . . .      Faith    .   c - +0 buckler
rNeg    . . .      Spirit   .   b - +0 scale mail
rPois   .          Reflect  .   (no helmet)
rElec   .          Harm     .   (no cloak)
rCorr   .          Rampage  .   (no gloves)
Will    .....                   (no boots)
Stlth   ..........              (no amulet)
HPRegen 0.13/turn               (no ring)
MPRegen 0.09/turn               (no ring)

@: no status effects
A: no striking features
a: Convert to Beogh


You were on level 3 of the Dungeon.
You visited 1 branch of the dungeon, and saw 3 of its levels.

You collected 80 gold pieces.

Inventory:

Hand Weapons
 a - a +1 war axe (weapon)
Armour
 b - a +0 scale mail (worn)
 c - a +0 buckler (worn)
Jewellery
 e - a ring of positive energy
 n - a ring of see invisible
Scrolls
 j - a scroll of blinking {unknown}
 k - a scroll of vulnerability {unknown}
Potions
 d - a potion of might
 f - a potion of resistance
 g - a potion of curing
 h - 3 potions of flight {unknown}
 i - 2 potions of lignification
 p - a potion of haste {unknown}


   Skills:
 + Level 4.2 Fighting
 + Level 4.5 Axes
 + Level 3.7 Armour
 + Level 0.3 Dodging
 + Level 3.7 Shields


You had 3 spell levels left.
You didn't know any spells.
Your spell library contained the following spells:

 Spells                   Type           Power      Damage    Failure   Level
 Beastly Appendage        Tmut           0%         N/A       85%         1
 Wereblood                Tmut           0%         N/A       94%         2
 Dazzling Flash           Conj/Hex       0%         N/A       99%         3
 Spider Form              Tmut/Pois      0%         N/A       99%         3
 Iskenderun's Mystic Bla  Conj/Tloc      0%         2d3       100%        4
 Starburst                Conj/Fire      0%         6d3       100%        6


Dungeon Overview and Level Annotations

Branches:
Dungeon (3/15)

Altars:


Message History

A goblin comes into view. It is wielding a +0 club.
You are too injured to fight recklessly!
You are too injured to fight recklessly!
You are too injured to fight recklessly!
Unknown command.
You are too injured to fight recklessly!
You closely miss the orc wizard.
The orc wizard hits you but does no damage.
Unknown command.
You miss the orc wizard. You barely miss the orc priest.
The orc priest hits you with a +0 flail!
You block the orc wizard's attack.
A kobold comes into view. It is wielding a +0 dagger of draining.
Unknown command.
You closely miss the orc wizard.
The kobold shouts!
You hit the orc priest but do no damage.
The orc wizard hits you but does no damage.
The orc priest hits you with a +0 flail.
* * * LOW HITPOINT WARNING * * *
The orc wizard hits you but does no damage.
The orc priest barely misses you.
You miss the orc wizard. You hit the orc priest.
The orc priest hits you with a +0 flail.
* * * LOW HITPOINT WARNING * * *
The orc wizard hits you with a +0 dagger.
* * * LOW HITPOINT WARNING * * *
Unknown command.
You slash the orc wizard!
The orc wizard is severely wounded.
You slash the orc priest!
The orc wizard drinks a potion.
The orc wizard is healed!
The orc priest hits you but does no damage.
Unknown command.
You closely miss the orc wizard. You barely miss the orc priest.
The orc priest shouts, "Beogh is our master!
Accept the truth or die!"
You block the orc wizard's attack.
The orc priest calls down the wrath of Beogh upon you.
Beogh smites you!
You die...

..... ... .....# ...
##.#.. .. ......# ..
.......##. ........g.
.... #.oo## .... .....#
#@.# # . #..........
#..#.# .# #..........
##.#.##.##
###..........###.#......
#..............#........
##..#..#.#####...........
.......#.#......#........
##..##.....####..#.......
.........####.......#....


You could see an orc priest, an orc wizard and a goblin.

Vanquished Creatures
  A gnoll (D:1)
  2 adders
  3 worms (D:2)
  A dart slug (D:1)
  An orc (D:3)
  8 endoplasms
  2 giant cockroaches
  6 goblins
  4 hobgoblins
  5 kobolds
  A quokka (D:1)
  2 ball pythons
  3 bats (D:2)
  2 frilled lizards
  4 rats
45 creatures vanquished.

Notes
Turn   | Place    | Note
-------+----------+-------------------------------------------
     0 | D:1      | zeram the Hill Orc Fighter began the quest for the Orb.
     0 | D:1      | Reached XP level 1. HP: 19/19 MP: 1/1
   506 | D:1      | Reached XP level 2. HP: 27/27 MP: 2/2
   781 | D:1      | Reached XP level 3. HP: 25/33 MP: 3/3
  1600 | D:2      | Reached XP level 4. HP: 29/40 MP: 4/4
  2369 | D:3      | HP: 2/40 [orc wizard/+0 dagger (2)]
  2371 | D:3      | Killed from afar by an orc priest

Illustrated notes

Levels and vault maps discovered:
D:1:      giann_wishing_wells, layout_loops_ring, due_unseen_surprise
D:2:      layout_basic, minmay_misc_feat_encased
D:3:      layout_rooms, jmf_multi_god_temple2, fountainhead

Skill      XL: |  1  2  3 |
---------------+----------+-----
Axes           | 3 4 |  4.5
Fighting       | 4 |  4.2
Armour         | |  3.7
Dodging        | |  0.3
Shields        | |  3.7

Action                   |  1- 3 |  4- 6 || total
-------------------------+-------+-------++-------
Melee: War axe           |    89 |    30 ||   119
  Use: Scroll            |       |     6 ||     6
Armor: Scale mail        |    33 |    11 ||    44
Dodge: Dodged            |    34 |     3 ||    37
Block: Buckler           |    22 |     6 ||    28
